 Dungeon Crawl Stone Soup version 0.16-a0-3997-g61da7c2 (webtiles) character file.

23 timbw the Vexing (level 2, 0/20 HPs)
             Began as a Centaur Enchanter on Feb 13, 2015.
             Succumbed to poison (a potion of poison)
             ... on level 4 of the Dungeon.
             The game lasted 00:02:47 (479 turns).

timbw the Vexing (Centaur Enchanter)                 Turns: 479, Time: 00:02:47

Health: 0/20       AC:  5    Str: 10    XL:     2   Next: 72%
Magic:  3/3        EV: 15    Int: 14    God:
Gold:   17         SH:  0    Dex: 14    Spells: 2 memorised, 1 level left

rFire  . . .     SeeInvis .     a - +1 dagger
rCold  . . .     Clarity  .     b - +1 robe
rNeg   . . .     SustAb   .     (no shield)
rPois  .         Gourm    .     (no helmet)
rElec  .         Spirit   .     (no cloak)
rCorr  .         Warding  .     (no gloves)
rMut   .         Stasis   .     (no barding)
MR     .....                    (no amulet)
Stlth  ++........               (no ring)
                                (no ring)

@: agile, lethally poisoned (0 -> -14), very quick, not resistant to hostile
enchantments, unstealthy
A: hooves 3, deformed body, speed 2, tough skin 3
a: no special abilities


You were on level 4 of the Dungeon.
You were not hungry.

You visited 1 branch of the dungeon, and saw 4 of its levels.

You collected 17 gold pieces.

Inventory:

Hand weapons
 a - a +1 dagger (weapon)
Armour
 b - a +1 robe (worn)
 n - a +0 leather armour
Jewellery
 l - an uncursed amulet of stasis
Scrolls
 e - a scroll of enchant weapon {unknown}
 f - a scroll of identify {unknown}
 o - a scroll of enchant armour {unknown}
 p - a scroll of noise {unknown}
Potions
 g - a potion of cure mutation {unknown}
 i - a potion of poison
 k - a potion of haste {unknown}
Books
 c - a book of Maledictions

   Spells                             Type                      Level
   a - Corona                         Hexes                        1
   b - Sure Blade                     Hexes/Charms                 2
   c - Ensorcelled Hibernation        Hexes/Ice                    2
   d - Confuse                        Hexes                        3
   e - Dazzling Spray                 Conjuration/Hexes            3
   f - Enslavement                    Hexes                        4
Comestibles
 d - 3 bread rations
 h - a chunk of flesh
 m - a meat ration


   Skills:
 + Level 1.1 Short Blades
 - Level 1.3 Dodging
 + Level 2.3 Stealth
 - Level 1.5 Spellcasting
 + Level 3.2 Hexes


You had one spell level left.
You knew the following spells:

 Your Spells              Type           Power        Failure   Level  Hunger
a - Corona                Hex            ##.....      10%         1    ##.....
b - Ensorcelled Hibernat  Hex/Ice        #.....       21%         2    ###....


Dungeon Overview and Level Annotations

Branches:
Dungeon (4/15)
 Temple: D:4-7

Altars:

Shops:
D:4 !

Annotations:
D:4 Blork the orc


Innate Abilities, Weirdness & Mutations

You have hooves in place of feet.
Armour fits poorly on your strangely shaped body.
You cover ground very quickly.
You have extremely tough skin (AC +3).


Message History

Found 14 gold pieces.
You see here a glowing flail.
Found a blackened mace.
Blork the orc comes into view.
He is wielding a short sword.
Blork the orc shouts!
Blork the orc casts a spell at you. The puff of frost hits you!
Ouch! That really hurt!
* * * LOW HITPOINT WARNING * * *
Some of the chunks of flesh in your inventory have rotted away.
Drink which item? (? for menu, Esc to quit)
It was a potion of poison.
That liquid tasted very nasty...
You are lethally poisoned!
* * * LOW HITPOINT WARNING * * *
You feel sick.
Drink which item? (? for menu, Esc to quit)
It was a potion of agility.
You feel agile all of a sudden.
You die...

##...###..#.##
#....#∩#..#...
#....#'#...##
###........#.#
#............#
#......##.##....
#....)## .# .##
####.....# .# #
........@## .#
..........# .#
####......)...o..
#.(#.....o...
#..#...$###..
#..#....# . #.
##...# .....
......


You could see Blork the orc.

Vanquished Creatures
  A giant gecko (D:2)
  A bat (D:2)
  2 giant cockroaches (D:2)
  2 goblins (D:2)
  5 hobgoblins
  A kobold (D:2)
  A ball python (D:2)
  3 giant newts
  4 rats
20 creatures vanquished.

Notes
Turn   | Place    | Note
--------------------------------------------------------------
     0 | D:1      | timbw, the Centaur Enchanter, began the quest for the Orb.
     0 | D:1      | Reached XP level 1. HP: 14/14 MP: 2/2
    35 | D:1      | Reached skill level 1 in Short Blades
   168 | D:2      | Reached skill level 3 in Hexes
   168 | D:2      | Reached XP level 2. HP: 11/20 MP: 1/3
   180 | D:2      | Learned a level 2 spell: Ensorcelled Hibernation
   416 | D:3      | Noticed a jelly
   466 | D:4      | Found Streel's Distillery.
   476 | D:4      | Noticed Blork the orc
   476 | D:4      | HP: 1/20 [Blork the orc/puff of frost (10)]
   479 | D:4      | Succumbed to poison (a potion of poison)

Action                   || total
-------------------------++-------
Melee: Dagger            ||    67
 Cast: Corona            ||     6
       Ensorcelled Hiber ||     5
  Use: Potion            ||     2
 Stab: Sleeping          ||     3
